 Dungeon Crawl Stone Soup version 0.31.0-32-g396128a36d (webtiles) character file.

Game seed: 6082872642343384550

135 seehj the Chopper (level 5, -5/46 HPs)
             Began as a Hill Orc Reaver on Apr 13, 2024.
             Killed by nerve-wracking pain
             ... invoked by Grinder
              (10 damage)
             ... on level 3 of the Dungeon.
             The game lasted 00:14:46 (2357 turns).

seehj the Chopper (Hill Orc Reaver)                 Turns: 2357, Time: 00:14:47

Health: -5/46      AC:  8    Str: 17    XL:     5   Next: 18%
Magic:  8/8        EV: 11    Int: 13    God:
Gold:   116        SH:  5    Dex:  9    Spells: 7/8 levels left

rFire   . . .        a - +0 hand axe
rCold   . . .        (no shield)
rNeg    . . .        b - +0 leather armour
rPois   .            (no helmet)
rElec   .            o - +0 cloak
rCorr   .            (no gloves)
SInv    .            (no boots)
Will    .....        s - amulet of reflection
Stlth   +            p - +4 ring of protection
HPRegen 0.27/turn    (no ring)
MPRegen 0.11/turn

%: reflection
@: attractive
A: no striking features
a: no special abilities


You were on level 3 of the Dungeon.
You visited 1 branch of the dungeon, and saw 3 of its levels.

You collected 116 gold pieces.

Inventory:

Hand Weapons
 a - a +0 hand axe (weapon)
 h - a +0 spear
 m - a +0 spear
Missiles
 d - 3 poisoned darts (quivered)
Armour
 b - a +0 leather armour (worn)
 n - a +0 ring mail
 o - a +0 cloak (worn)
Jewellery
 p - a +4 ring of protection (left hand)
 s - an amulet of reflection (around neck)
 t - an amulet of regeneration
Scrolls
 c - 4 scrolls of teleportation {unknown}
 f - 4 scrolls of identify {unknown}
 g - 2 scrolls of poison {unknown}
 r - a scroll of brand weapon {unknown}
Potions
 e - a potion of attraction
 i - a potion of haste {unknown}
 j - a potion of heal wounds {unknown}
 k - a potion of magic
 q - a potion of enlightenment {unknown}


   Skills:
 + Level 3.7 Fighting
 + Level 5.1 Axes
 + Level 2.4 Dodging
 * Level 2.4 Spellcasting
 - Level 3.0 Conjurations


You had 7 spell levels left.
You knew the following spells:

 Your Spells              Type           Power      Damage    Failure   Level
a - Kiss of Death         Conj/Necr      20%        2d7       16%         1

Your spell library contained the following spells:

 Spells                   Type           Power      Damage    Failure   Level
 Sting                    Conj/Alch      20%        1d4       16%         1
 Momentum Strike          Conj/Tloc      10%        3d8       24%         2
 Apportation              Tloc           2%         N/A       30%         1
 Necrotise                Necr           4%         1d4       30%         1
 Summon Small Mammal      Summ           4%         N/A       30%         1
 Hailstorm                Conj/Ice       5%         3d5       43%         3
 Summon Ice Beast         Ice/Summ       1%         N/A       65%         3
 Manifold Assault         Tloc           1%         N/A       96%         4
 Dispersal                Tloc           0%         N/A       100%        6
 Sculpt Simulacrum        Ice/Alch       0%         N/A       100%        6
 Disjunction              Tloc           0%         N/A       100%        8


Dungeon Overview and Level Annotations

Branches:
Dungeon (3/15)

Altars:
Wu Jian

Shops:
D:1 [   D:3 *

Annotations:
D:3 Grinder


Message History

Grinder gestures at you.
You shrug off the repeated paralysis!
Throw: 5 darts (poison)
Press: ? - help, Q - select action, (/) - cycle Shift-Dir - straight line, f/p - Grinder
Aim: Grinder (45% to hit)
You throw a poisoned dart. The poisoned dart hits Grinder.
Throw: 4 darts (poison)
Press: ? - help, Q - select action, (/) - cycle Shift-Dir - straight line, f/p - Grinder
Aim: Grinder (45% to hit)
You throw a poisoned dart.
The poisoned dart barely misses Grinder.
You hit Grinder but do no damage. Grinder hits you!
You writhe in agony.
You closely miss Grinder. You block Grinder's attack.
You closely miss Grinder. Grinder hits you.
You writhe in agony.
You hit Grinder.
Grinder is lightly wounded.
Grinder hits you.
You writhe in agony.
You hit Grinder.
Grinder is lightly wounded.
Grinder says, "I used to sell toenails on the black market."
Grinder gestures at you.
You suddenly lose the ability to move!
Grinder hits you.
You writhe in agony.
You can move again.
It was a potion of attraction.
You feel attractive to monsters. Grinder hits you.
* * * LOW HITPOINT WARNING * * *
You writhe in agony.
* * * LOW HITPOINT WARNING * * *
It was a potion of magic.
Magic courses through your body.
Grinder says, "My boss said I was rubbish.
His entrails said otherwise."
Grinder blinks!
Grinder is attracted toward you. Grinder gestures at you.
Pain shoots through your body!
* * * LOW HITPOINT WARNING * * *
Grinder gestures at you. Pain shoots through your body!
You die...
Grinder says, "Now the real fun starts!"

###### ##### ###
#....# #...# .[#
#....# #...#
#.###....# #...#
.........# #...#
..#......# #...#
..#.#....#######...#
...............'...+
.##...##########@..#
.##...##########...#
....>..........+5..+
......##########...#
......# #..(..#
......# #.....#
####### #....(#
#...... ##
#......!....5.


You could see Grinder.

Vanquished Creatures
  A gnoll (D:1)
  6 adders
  A dart slug (D:1)
  An orc (D:3)
  3 ball pythons
  6 endoplasms
  4 giant cockroaches
  4 goblins
  5 hobgoblins
  6 jackals
  3 quokkas
  3 frilled lizards
  3 kobolds
  25 rats
71 creatures vanquished.

Notes
Turn   | Place    | Note
-------+----------+-------------------------------------------
     0 | D:1      | seehj the Hill Orc Reaver began the quest for the Orb.
     0 | D:1      | Reached XP level 1. HP: 18/18 MP: 3/3
   145 | D:1      | Reached XP level 2. HP: 25/25 MP: 4/4
   357 | D:1      | Found Kiynuil's Armour Emporium.
   380 | D:1      | Reached XP level 3. HP: 19/28 MP: 3/5
   856 | D:2      | Reached XP level 4. HP: 12/38 MP: 7/7
  1599 | D:3      | Reached skill level 5 in Axes
  1659 | D:3      | Found an ornate altar of the Wu Jian Council.
  1818 | D:3      | Reached XP level 5. HP: 29/45 MP: 8/8
  1887 | D:3      | Found Xywneyx's Assorted Antiques.
  2185 | D:3      | Noticed Grinder
  2339 | D:3      | Paralysed by Grinder for 5 turns
  2351 | D:3      | Paralysed by Grinder for 2 turns
  2357 | D:3      | Killed from afar by Grinder

Illustrated notes

Levels and vault maps discovered:
D:1:      minmay_arrival_cross, layout_basic, serial_shops, nicolae_square_shop,
          minmay_misc_feat_hallway
D:2:      layout_basic
D:3:      layout_basic, nicolae_wu_jian_immortal_techniques,
          beargit_hepliaklqana_dungeon_heroes, serial_shops, shop,
          kennysheep_decorative_pillar, minmay_rat_hole, uniq_grinder

Skill      XL: |  1  2  3  4 |
---------------+-------------+-----
Fighting       | 3 |  3.7
Dodging        | 2 |  2.4
Spellcasting   | 2 |  2.4
Axes           | 5 |  5.1
Conjurations   | |  3.0

Action                     |  1- 3 |  4- 6 || total
---------------------------+-------+-------++-------
  Melee: Hand axe          |   102 |   159 ||   261
         Punch             |     1 |       ||     1
  Throw: Dart              |       |     2 ||     2
         Throwing net      |       |     1 ||     1
   Cast: Kiss of Death     |     1 |       ||     1
    Use: Potion            |       |     2 ||     2
 Armour: Leather armour    |    47 |    87 ||   134
  Dodge: Dodged            |    59 |    87 ||   146
  Block: Other             |       |     2 ||     2
         Reflection        |       |     1 ||     1
